 Dungeon Crawl Stone Soup version 0.19.5 (webtiles) character file.

135 McKennaii the Magician (level 4, 0/24 HPs)
             Began as a Deep Elf Fire Elementalist on May 11, 2017.
             Killed from afar by an orc wizard (9 damage)
             ... with a magic dart
             ... on level 3 of the Dungeon.
             The game lasted 00:03:23 (1638 turns).

McKennaii the Magician (Deep Elf Fire Elementalist) Turns: 1638, Time: 00:03:24

Health: 0/24       AC:  3    Str:  5    XL:     4   Next: 97%
Magic:  1/13       EV: 13    Int: 21    God:
Gold:   121        SH:  0    Dex: 15    Spells: 3 memorised, 7 levels left

rFire  . . .     SeeInvis .     (no weapon)
rCold  + . .     Gourm    .     a - +0 robe
rNeg   . . .     Faith    .     (no shield)
rPois  .         Spirit   .     (no helmet)
rElec  .         Reflect  .     (no cloak)
rCorr  .         Harm     .     (no gloves)
MR     .....                    h - +0 pair of boots
Stlth  +.........               (no amulet)
                                (no ring)
                                i - ring of protection from cold

@: confused
A: no striking features
a: no special abilities


You were on level 3 of the Dungeon.
You were hungry.

You visited 1 branch of the dungeon, and saw 3 of its levels.

You collected 121 gold pieces.

Inventory:

Armour
 a - a +0 robe (worn)
 h - a +0 pair of boots (worn)
Jewellery
 i - a ring of protection from cold (left hand)
Scrolls
 j - a scroll of amnesia {unknown}
 k - 3 scrolls of teleportation {unknown}
 l - 4 scrolls of remove curse
 m - a scroll of enchant weapon {unknown}
 n - a scroll of random uselessness {unknown}
 o - a scroll of fear {unknown}
 r - a scroll of identify {unknown}
 s - a scroll of fog {unknown}
Potions
 d - 3 potions of curing {unknown}
 e - a potion of beneficial mutation {unknown}
 f - a potion of brilliance {unknown}
 g - 2 potions of heal wounds {unknown}
 p - a potion of degeneration {unknown}
Books
 b - a book of Flames

   Spells                             Type                      Level
   a - Flame Tongue                   Conjuration/Fire             1
   b - Throw Flame                    Conjuration/Fire             2
   c - Conjure Flame                  Conjuration/Fire             3
   d - Inner Flame                    Hexes/Fire                   3
   e - Sticky Flame                   Conjuration/Fire             4
   f - Fireball                       Conjuration/Fire             5
Comestibles
 c - 3 bread rations
 q - a meat ration


   Skills:
 + Level 2.8 Dodging
 + Level 2.6 Stealth
 + Level 5.0 Spellcasting
 + Level 2.4 Conjurations
 + Level 4.3 Fire Magic


You had 7 spell levels left.
You knew the following spells:

 Your Spells              Type           Power        Failure   Level  Hunger
a - Flame Tongue          Conj/Fire      ###..        2%          1    None
b - Throw Flame           Conj/Fire      ###...       4%          2    None
c - Conjure Flame         Conj/Fire      ###.....     10%         3    ##.....


Dungeon Overview and Level Annotations

Branches:
Dungeon (3/15)

Altars:
Hepliaklqana
Okawaru


Message History

Press: ? - help, Shift-Dir - straight line, f - orc wizard
Aim: an orc wizard, wielding a dagger and wearing a robe The flame tongue hits the orc wizard.
The orc wizard is lightly wounded.
The orc wizard closely misses you.
Casting: Flame Tongue
Confirm with . or Enter, or press ? or * to list all spells.
Aiming: Flame Tongue
Press: ? - help, Shift-Dir - straight line, f/p - orc wizard
Aim: an orc wizard, wielding a dagger and wearing a robe (lightly wounded)
The flame tongue hits the orc wizard.
The orc wizard is heavily wounded.
The orc wizard gestures at you while chanting.
You are confused.
You're too confused to cast spells.
You're too confused!
You bump into the rock wall.
The orc wizard casts a spell at you. The magic dart hits you!
You die...

#.......#.............##......#
...._...................#.......
#.......#......................#
#.......#......................#
##.....##(.....................
####.####......#.#....#..###
.................#.......#
.##.........####...#.#..
............. #@.......
##.......... #...#....
##.......... ###........
.....b...... #oo........
..<....#...###r##..#####
....#.....#..((.##.#
...!o....†..(....#.#
...........).........
..(o..............##.


You could see an orc wizard.

Vanquished Creatures
  Natasha (thrice) (D:2)
  A worm (D:2)
  3 dart slugs
  A leopard gecko (D:1)
  2 orcs (D:3)
  A ball python (D:3)
  3 giant cockroaches
  5 goblins
  3 hobgoblins
  3 jackals (D:1)
  2 quokkas (D:3)
  9 bats
  5 frilled lizards
  7 kobolds
  4 rats
52 creatures vanquished.

Notes
Turn   | Place    | Note
-------+----------+-------------------------------------------
     0 | D:1      | McKennaii the Deep Elf Fire Elementalist began the quest for the Orb.
     0 | D:1      | Reached XP level 1. HP: 10/10 MP: 6/6
   120 | D:1      | Reached XP level 2. HP: 9/15 MP: 4/8
   608 | D:1      | Reached skill level 4 in Spellcasting
   822 | D:2      | Reached XP level 3. HP: 17/19 MP: 7/10
   828 | D:2      | Learned a level 2 spell: Throw Flame
   832 | D:2      | Learned a level 3 spell: Conjure Flame
   875 | D:2      | Noticed Natasha
   879 | D:2      | Killed Natasha
   885 | D:2      | Noticed Natasha
   900 | D:2      | Killed Natasha
   900 | D:2      | Reached XP level 4. HP: 1/24 MP: 3/12
  1110 | D:2      | Found an iron altar of Okawaru.
  1111 | D:2      | Noticed Natasha
  1123 | D:2      | Killed Natasha
  1506 | D:3      | Found a hazy altar of Hepliaklqana.
  1619 | D:3      | Reached skill level 5 in Spellcasting
  1638 | D:3      | Killed from afar by an orc wizard

Skill      XL: |  1  2  3  4 |
---------------+-------------+-----
Spellcasting   | 4 5 |  5.0
Fire Magic     | 4 |  4.3
Conjurations   | 2 |  2.4
Dodging        | |  2.8
Stealth        | |  2.6

Action                   |  1- 3 |  4- 6 || total
-------------------------+-------+-------++-------
Melee: Unarmed           |     1 |     1 ||     2
 Cast: Flame Tongue      |    47 |    55 ||   102
  Use: Scroll            |       |     2 ||     2
  Eat: Chunk             |       |     1 ||     1
Armor: Robe              |     2 |     3 ||     5
Dodge: Dodged            |    14 |    25 ||    39
